 Dungeon Crawl Stone Soup version 0.22.0-60-ga52c2fc (webtiles) character file.

190 Starchild the Grave Robber (level 5, -6/35 HPs)
             Began as a Mummy Necromancer on Sept 9, 2018.
             Mangled by an ogre
             ... wielding a +0 giant spiked club
              (19 damage)
             ... on level 4 of the Dungeon.
             The game lasted 00:11:08 (3043 turns).

Starchild the Grave Robber (Mummy Necromancer)      Turns: 3043, Time: 00:11:09

Health: -6/35      AC:  3    Str: 11    XL:     5   Next: 41%
Magic:  4/9        EV: 12    Int: 15    God:
Gold:   247        SH:  0    Dex: 13    Spells: 4/9 levels left

rFire    x . .     SeeInvis .   l - +2 quarterstaff (chaos)
rCold    + . .     Gourm    .   (shield currently unavailable)
rNeg     + + +     Faith    .   a - +0 robe
rPois    ∞         Spirit   .   (no helmet)
rElec    .         Reflect  .   m - +0 cloak
rCorr    .         Harm     .   (no gloves)
MR       .....                  (no boots)
Stlth    ++........             (no amulet)
HPRegen  0.11/turn              (no ring)
MPRegen  0.11/turn              (no ring)

@: no status effects
A: no food or potions, fire vulnerability, cold resistance 1, negative energy
resistance 3, torment resistance, unbreathing
a: no special abilities


You were on level 4 of the Dungeon.
You were not hungry.

You visited 1 branch of the dungeon, and saw 4 of its levels.

You collected 247 gold pieces.

Inventory:

Hand Weapons
 g - a +0 hand axe of electrocution
 l - a +2 quarterstaff of chaos (weapon)
Missiles
 f - 83 stones (quivered)
 h - 95 sling bullets
 i - 51 arrows
Armour
 a - a +0 robe (worn)
 m - a +0 cloak (worn)
Wands
 k - a wand of digging (16)
Scrolls
 b - a scroll of fog {unknown}
 c - 2 scrolls of teleportation {unknown}
 d - 3 scrolls of remove curse {unknown}
 e - 4 scrolls of identify {unknown}
 j - a scroll of magic mapping {unknown}


   Skills:
 - Level 1.5 Dodging
 - Level 1.5 Stealth
 - Level 2.6 Spellcasting
 + Level 6.8 Necromancy


You had 4 spell levels left.
You knew the following spells:

 Your Spells              Type           Power        Failure   Level  Hunger
a - Pain                  Necr           ###.         1%          1    N/A
b - Animate Skeleton      Necr           N/A          1%          1    N/A
c - Vampiric Draining     Necr           ###.......   3%          3    N/A

Your spell library contained the following spells:

 Spells                   Type           Power        Failure   Level  Hunger
 Animate Dead             Necr           N/A          13%         4    N/A
 Regeneration             Chrm/Necr      Unusable     N/A         3    N/A

Dungeon Overview and Level Annotations

Branches:
Dungeon (4/15)
 Temple: D:4-7

Altars:
Fedhas
Makhleb
Qazlal
Vehumet


Innate Abilities, Weirdness & Mutations

You do not eat or drink.
Your flesh is vulnerable to fire.
You are immune to poison.
Your flesh is cold resistant. (rC+)
You are immune to negative energy. (rN+++)
You are immune to unholy pain and torment.
You can survive without breathing.


Message History

Press: ? - help, Shift-Dir - straight line, f/p - ogre
Aim: an ogre, wielding a giant spiked club (moderately wounded, chance to The ogre writhes in agony!
Casting: Pain (safe; 1% risk of failure)
Confirm with . or Enter, or press ? or * to list all spells.
Aiming: Pain (safe; 1% risk of failure)
Press: ? - help, Shift-Dir - straight line, f/p - ogre
Aim: an ogre, wielding a giant spiked club (moderately wounded, chance to The ogre writhes in agony!
The ogre hits you with a giant spiked club!!
Ouch! That really hurt!
Casting: Pain (safe; 1% risk of failure)
Confirm with . or Enter, or press ? or * to list all spells.
Aiming: Pain (safe; 1% risk of failure)
Press: ? - help, Shift-Dir - straight line, f/p - ogre
Aim: an ogre, wielding a giant spiked club (heavily wounded, chance to defeat The ogre writhes in agony!
The ogre hits you with a giant spiked club!!
Ouch! That really hurt!
You die...

#### ###..###
#######...##.#
.........##.._ .
############.'....
#...###...########.##.._
#..)O@...>........##[#
###...##########...###
.....### #....#.#
......### ####.##.#.#
.##.......##....##.#.#
##. #....#####.#.# .
####.......#.# ##
#..####....# #.>##
##...##


You could see an ogre.

Vanquished Creatures
  A crimson imp (D:4)
  Crazy Yiuf (D:2)
  A worker ant (D:4)
  3 adders (D:2)
  An ooze (D:3)
  2 worms (D:2)
  A dart slug (D:1)
  A leopard gecko (D:1)
  4 orcs (D:3)
  A ball python (D:1)
  9 bats
  4 giant cockroaches
  9 hobgoblins
  A quokka (D:2)
  4 frilled lizards
  4 goblins
  8 kobolds
  7 rats
62 creatures vanquished.

Vanquished Creatures (collateral kills)
  A frilled lizard (D:2)
1 creature vanquished.

Grand Total: 63 creatures vanquished

Notes
Turn   | Place    | Note
-------+----------+-------------------------------------------
     0 | D:1      | Starchild the Mummy Necromancer began the quest for the
                  | Orb.
     0 | D:1      | Reached XP level 1. HP: 13/13 MP: 4/4
     2 | D:1      | Learned a level 1 spell: Animate Skeleton
   188 | D:1      | Reached XP level 2. HP: 19/19 MP: 1/5
   900 | D:2      | Reached skill level 5 in Necromancy
   900 | D:2      | Reached XP level 3. HP: 23/24 MP: 2/7
   924 | D:2      | Found a runed door.
  1012 | D:2      | Learned a level 3 spell: Vampiric Draining
  1049 | D:2      | HP: 1/24 [rat (2)]
  1070 | D:2      | HP: 1/24 [goblin (1)]
  1690 | D:2      | Reached XP level 4. HP: 22/30 MP: 5/8
  1854 | D:2      | Noticed Crazy Yiuf
  1860 | D:2      | Killed Crazy Yiuf
  1860 | D:2      | Reached skill level 6 in Necromancy
  2092 | D:3      | Found a blossoming altar of Fedhas.
  2099 | D:3      | Found a stormy altar of Qazlal.
  2753 | D:4      | Found a radiant altar of Vehumet.
  2759 | D:4      | Reached XP level 5. HP: 11/35 MP: 9/9
  2970 | D:4      | Found a burning altar of Makhleb.
  3037 | D:4      | Noticed an ogre
  3043 | D:4      | Mangled by an ogre

Skill      XL: |  1  2  3  4 |
---------------+-------------+-----
Necromancy     | 5 6 |  6.8
Dodging        | |  1.5
Stealth        | |  1.5
Spellcasting   | |  2.6

Action                   |  1- 3 |  4- 6 || total
-------------------------+-------+-------++-------
Melee: Hand axe          |    65 |     8 ||    73
       Quarterstaff      |       |    22 ||    22
 Cast: Pain              |    44 |    40 ||    84
       Animate Skeleton  |     2 |     1 ||     3
       Vampiric Draining |     2 |       ||     2
 Stab: Sleeping          |     2 |     1 ||     3
Armor: Robe              |    30 |     3 ||    33
Dodge: Dodged            |    72 |    28 ||   100
